[Event "I. Hungarian E-mail Final"]
[Site "E4EC"]
[Date "2004.01.24"]
[Round "1"]
[White "Kerekes, Jozsef"]
[Black "Kiss, István"]
[Board "1860"]
[TimeControl "10/50"]
[WhiteElo "2282"]
[BlackElo "2207"]
[WhiteCountry "YUG"]
[BlackCountry "HUN"]
[Result "1-0"]

1.d4 g6 2.e4 Bg7 3.Nc3 d6 4.Be3 c6 5.Qd2 b5 6.f3 Nd7 7.Nh3 Nb6
8.Nf2 a5 9.b3 Nf6 10.Bd3 O-O 11.Ne2 a4 12.O-O Re8 13.Ng3 d5 14.e5 Nfd7
15.Bh6 Bh8 16.f4 f5 17.exf6 exf6 18.f5 g5 19.Rae1 axb3 20.cxb3 Rxe1
21.Rxe1 Nb8 22.h4 gxh4 23.Qd1 Bd7 24.Qg4+ Kf7 25.Qxh4 Na6 26.Bf4 Kg8
27.Ng4 Nc8 28.Nh6+ 1-0

[Event "I. Hungarian E-mail Final"]
[Site "E4EC"]
[Date "2004.01.24"]
[Round "1"]
[White "Kiss, István"]
[Black "Schulle, József"]
[Board "1861"]
[TimeControl "10/50"]
[WhiteElo "2207"]
[BlackElo "2166"]
[WhiteCountry "HUN"]
[BlackCountry "ROM"]
[Result "1-0"]

1.e4 c6 2.d4 d5 3.Nc3 dxe4 4.Nxe4 Bf5 5.Ng3 Bg6 6.h4 h6 7.Nf3 e6
8.Ne5 Bh7 9.Bd3 Bxd3 10.Qxd3 Nf6 11.Bf4 Qa5+ 12.c3 Be7 13.Nc4 Qd5
14.Ne3 Qd8 15.O-O-O Nbd7 16.Kb1 O-O 17.Ne4 Nxe4 18.Qxe4 Nf6 19.Qf3 Nd5
20.Be5 b5 21.g4 Bxh4 22.Qh3 Nxe3 23.Qxe3 b4 24.c4 Rc8 25.f4 Qe7
26.c5 Rfd8 27.g5 hxg5 28.fxg5 Qxg5 29.Qh3 Qf5+ 30.Qxf5 exf5 31.Rxh4 f6
32.Bd6 g5 33.Rh6 Kg7 34.Rdh1 Kf7 35.Rh7+ Ke6 36.Re7+ Kd5 37.Rhe1 f4
38.Kc2 Rh8 39.b3 Rh2+ 40.Kb1 Rhh8 41.Bxf4 Rcd8 42.Bc7 a5 43.Bxd8 Rxd8
44.Rf7 f5 45.Kc2 Kxd4 46.Rd1+ Ke4 47.Rxd8 f4 48.Rg8 Ke3 49.Re7+ 1-0

[Event "I. Hungarian E-mail Final"]
[Site "E4EC"]
[Date "2004.01.24"]
[Round "1"]
[White "Kiss, István"]
[Black "Kovács, Arthur"]
[Board "1862"]
[TimeControl "10/50"]
[WhiteElo "2207"]
[BlackElo "2278"]
[WhiteCountry "HUN"]
[BlackCountry "HUN"]
[Result "0-1"]

1.e4 e5 2.d4 exd4 3.f4 Bc5 4.Nf3 Nc6 5.a3 a5 6.Bd3 Nf6 7.O-O d5
8.e5 Ng4 9.Qe2 Ne3 10.Re1 Bg4 11.Kh1 g5 12.fxg5 Bxf3 13.Qxf3 Nxe5
14.Qf4 Qd6 15.Nc3 Nxd3 16.Qxd6 Nf2+ 17.Kg1 Bxd6 18.Kxf2 O-O-O
19.Bxe3 dxe3+ 20.Ke2 c6 21.Rf1 Rdg8 22.h4 Bg3 23.Rh1 f6 24.gxf6 Be5
25.f7 Rxg2+ 26.Kxe3 Rg7 27.Rhf1 Rf8 28.Rf5 Bxc3 29.bxc3 Rgxf7
30.Rh5 Re7+ 31.Kd2 Rf2+ 32.Kd3 Kc7 33.Rh1 b5 34.a4 Kb6 35.axb5 Rf3+
36.Kd2 Kxb5 37.Rg1 Rf4 38.Ra1 Rf2+ 39.Kd3 Rfe2 40.c4+ Kb4 41.Rb1+ Kc5
42.Kc3 R7e3+ 43.Kb2 Kxc4 44.Rd1 Rb3+ 45.Kc1 Rh3 46.Kb2 Rc3 47.Rc1 Rb3+
48.Ka1 Rb4 49.Rg5 Re3 50.Ka2 Kc3 51.h5 Rb2+ 52.Ka3 Rxc2 53.Ra1 d4
54.Ka4 d3 55.Rgg1 d2 0-1

[Event "I. Hungarian E-mail Final"]
[Site "E4EC"]
[Date "2004.01.24"]
[Round "1"]
[White "Kiss, István"]
[Black "Tímár, Zsolt"]
[Board "1863"]
[TimeControl "10/50"]
[WhiteElo "2207"]
[BlackElo "2385"]
[WhiteCountry "HUN"]
[BlackCountry "HUN"]
[Result "0-1"]

1.e4 c5 2.g3 Nc6 3.Bg2 g6 4.f4 Bg7 5.d3 e6 6.c3 Nge7 7.Nf3 d5
8.O-O O-O 9.Re1 b6 10.Na3 d4 11.e5 dxc3 12.bxc3 Ba6 13.d4 cxd4
14.cxd4 Qd7 15.Qa4 Bb7 16.Nb5 Rfd8 17.Qd1 Nf5 18.g4 a6 19.gxf5 axb5
20.f6 Bf8 21.Bb2 Na5 22.Re2 Nc4 23.Kf2 Bd5 24.Qd3 Ra4 25.Rc2 Ba3
26.Bxa3 Rxa3 27.Rc3 Rda8 28.Rac1 Rxc3 29.Rxc3 Rxa2+ 30.Kg3 Qc6
31.Qb1 Rxg2+ 32.Kxg2 Bxf3+ 33.Kg3 Bh1 34.Qc2 b4 35.Rb3 Qd5 0-1

[Event "I. Hungarian E-mail Final"]
[Site "E4EC"]
[Date "2004.01.24"]
[Round "1"]
[White "Kiss, István"]
[Black "Szenczy, Sándor"]
[Board "1865"]
[TimeControl "10/50"]
[WhiteElo "2207"]
[BlackElo "2046"]
[WhiteCountry "HUN"]
[BlackCountry "HUN"]
[Result "1/2-1/2"]

1.e4 d5 2.exd5 Qxd5 3.Nc3 Qa5 4.d4 Nf6 5.Nf3 c6 6.Bc4 Bf5 7.Bd2 e6
8.Qe2 Bb4 9.O-O-O Nbd7 10.a3 Bxc3 11.Bxc3 Qc7 12.Ne5 Nd5 13.Bd2 Nxe5
14.dxe5 O-O-O 15.g4 Bg6 16.f4 Kb8 17.h3 h5 18.Bb3 f5 19.c4 Ne7
20.g5 c5 21.Be3 b6 22.Ba4 Nc6 23.Rxd8+ Rxd8 24.Rd1 Be8 25.Rxd8+ Qxd8
26.Qd1 Qxd1+ 27.Bxd1 Kc7 28.Kc2 g6 29.Kd3 a5 30.Kc3 Bd7 31.b3 Be8
32.Bf2 Bf7 33.Be1 Be8 34.Bg3 Bf7 35.Kd3 Be8 36.Be1 Ne7 37.Be2 Nc6
38.Bc3 Bf7 39.h4 Be8 40.Ke3 Bf7 41.Bd1 Be8 42.Bc2 1/2-1/2

[Event "I. Hungarian E-mail Final"]
[Site "E4EC"]
[Date "2004.01.24"]
[Round "1"]
[White "Kiss, István"]
[Black "Nagy, Sándor"]
[Board "1866"]
[TimeControl "10/50"]
[WhiteElo "2207"]
[BlackElo "1800"]
[WhiteCountry "HUN"]
[BlackCountry "HUN"]
[Result "0-1"]

1.e4 c5 2.d3 Nc6 3.g3 d5 4.Bg2 dxe4 5.Bxe4 Bd7 6.Qh5 Nf6 7.Qxc5 e5
8.Qb5 a6 9.Qxb7 Nxe4 10.dxe4 Nb4 11.c3 Bc6 12.Qxb4 Bxb4 13.cxb4 Bxe4
14.f3 Bxb1 15.Rxb1 Qd3 16.Ra1 Rd8 17.Bg5 f6 18.Bh4 Qe3+ 19.Kf1 Rd2
20.g4 Qd3+ 21.Ke1 e4 22.f4 e3 0-1

[Event "I. Hungarian E-mail Final"]
[Site "E4EC"]
[Date "2004.01.24"]
[Round "1"]
[White "Kiss, István"]
[Black "Darvasi, Ferenc"]
[Board "1867"]
[TimeControl "10/50"]
[WhiteElo "2207"]
[BlackElo "2315"]
[WhiteCountry "HUN"]
[BlackCountry "HUN"]
[Result "1/2-1/2"]

1.e4 c5 2.d3 Nc6 3.g3 Nf6 4.f4 d6 5.Nc3 g6 6.Nf3 Bg7 7.Bg2 O-O
8.O-O Bg4 9.Be3 Nd4 10.Qd2 Nxf3+ 11.Bxf3 Bxf3 12.Rxf3 Ng4 13.Kh1 e6
14.Bg1 Qb6 15.Re1 Qxb2 16.d4 cxd4 17.Bxd4 Bxd4 18.Qxd4 Qxc2
19.Re2 Qc1+ 20.Kg2 Rac8 21.h3 Nh6 22.f5 a5 23.Ref2 e5 24.Qd3 gxf5
25.exf5 f6 26.Rf1 Qb2+ 27.R1f2 Qb6 28.Nd5 Qd8 29.Qb1 Rf7 30.Rb3 Qd7
31.Nb6 Qc6+ 32.Kh2 Rcc7 33.a4 d5 34.Rb5 d4 35.Nd5 Rc8 36.g4 Qd6
37.Qe4 Rg7 38.Rfb2 Kh8 39.Rb6 Qa3 40.Rf2 Nf7 41.Nxf6 Ng5 42.Qg2 Rc3
43.Qd5 Rxh3+ 44.Kg2 Rg3+ 45.Kh2 Rf7 46.Ne4 Rxg4 47.Qxe5+ Kg8
48.Qe8+ Qf8 49.Qxf8+ Kxf8 50.Nc5 Rc7 51.Rb5 d3 52.f6 Rd4 53.Nxd3 Ne4
54.Nf4 Kf7 55.Rf1 Rxa4 56.Nd3 Nxf6 57.Rbf5 Rh4+ 58.Kg1 Rh6
59.Rxa5 Rg6+ 60.Kh1 Kg8 61.Ra8+ Kg7 62.Nf4 Ne4 63.Nxg6 Ng3+
64.Kg1 Nxf1 65.Nf4 Rc1 66.Kg2 Ne3+ 67.Kf3 Nc4 68.Ke2 Kh6 69.Re8 b5
70.Rb8 Rb1 71.Ne6 Kg6 72.Nd4 Na3 73.Kd3 h5 74.Ke4 Rb4 75.Kd5 Rb1
76.Ke4 Rb4 77.Kd5 Ra4 78.Rg8+ Kf6 79.Rg3 Ra8 80.Ke4 Re8+ 81.Kf4 Ra8
82.Ke4 Re8+ 83.Kf4 Rd8 84.Ke4 Ra8 85.Rf3+ Kg6 86.Rg3+ Kh7 87.Nf5 Ra4+
88.Ke5 Nc4+ 89.Kd5 Nd2 90.Rg7+ Kh8 91.Rg5 b4 1/2-1/2

[Event "I. Hungarian E-mail Final"]
[Site "E4EC"]
[Date "2003.12.15"]
[Round "1"]
[White "Darvasi, Ferenc"]
[Black "Fenyvesi, Miklós"]
[Board "1868"]
[TimeControl "10/50"]
[WhiteElo "2315"]
[BlackElo "1800"]
[WhiteCountry "HUN"]
[BlackCountry "HUN"]
[Result "1/2-1/2"]

1.d4 Nf6 2.Bg5 c5 3.Nc3 cxd4 4.Qxd4 Nc6 5.Qh4 e6 6.e4 Be7 7.Nf3 d6
8.O-O-O Qa5 9.a3 a6 10.Nd2 b5 11.Qg3 Qc7 12.h4 h6 13.Be3 g6 14.Be2 Bb7
15.h5 g5 16.f3 Rc8 17.Kb1 e5 18.Qf2 b4 19.Nd5 Nxd5 20.exd5 Nb8
21.Nc4 bxa3 22.Bb6 Qd7 23.b3 Ba8 24.Be3 Qb7 25.Qe1 Nd7 26.Qa5 O-O
27.Qxa3 Nf6 28.Nb6 Qc7 29.Nxc8 Rxc8 30.Rc1 Bxd5 31.Bd2 Bc6 32.Kb2 d5
33.Qa5 Qd7 34.Bxa6 Rb8 35.Ra1 Qd6 36.Be2 Nd7 37.Rhe1 Qf6 38.c3 Bc5
39.Bd3 Bb6 40.Qa3 Nc5 41.Bc2 e4 42.Qb4 Qe5 43.fxe4 Nxe4 44.Ra6 Bf2
45.Qa5 Bxe1 46.Bxe1 Qe8 47.Rb6 Rxb6 48.Qxb6 Nf6 49.Bf2 Nxh5 50.Qc7 Ng7
51.Qh2 Qe6 52.g4 Bb5 53.Qb8+ Qe8 54.Qg3 Qe6 55.Bd4 Ne8 56.Qh2 Kf8
57.Be5 Qxg4 58.Qxh6+ Ke7 59.Bd4 Qf4 60.Qb6 Nd6 61.Be3 Qe5 1/2-1/2

[Event "I. Hungarian E-mail Final"]
[Site "E4EC"]
[Date "2003.12.14"]
[Round "1"]
[White "Darvasi, Ferenc"]
[Black "Fogarasi, Norbert"]
[Board "1869"]
[TimeControl "10/50"]
[WhiteElo "2315"]
[BlackElo "1800"]
[WhiteCountry "HUN"]
[BlackCountry "HUN"]
[Result "1/2-1/2"]

1.d4 d5 2.c4 c6 3.cxd5 cxd5 4.Bf4 Nc6 5.e3 Nf6 6.Nc3 a6 7.Bd3 Bg4
8.Nge2 e6 9.O-O Be7 10.Rc1 O-O 11.a3 Bh5 12.b4 b5 13.Qb3 Qd7
14.Rc2 Bg6 15.Bxg6 hxg6 16.Nc1 Nh5 17.Be5 a5 18.Nd3 axb4 19.axb4 Ra6
20.Rfc1 Rfa8 21.Nb1 f6 22.Bg3 Nxg3 23.hxg3 Rb6 24.Nc5 Bxc5 25.Rxc5 Ra4
26.Qc3 Nxb4 27.Rc7 Qd6 28.Rc8+ Kh7 29.Kh2 f5 30.Rh1 g5 31.Rh8+ Kxh8
32.Qc8+ Kh7 33.Qe8 e5 34.Kg1+ Qh6 35.Rxh6+ Rxh6 36.Qd7 exd4 1/2-1/2

[Event "I. Hungarian E-mail Final"]
[Site "E4EC"]
[Date "2003.12.14"]
[Round "1"]
[White "Darvasi, Ferenc"]
[Black "Szabó, Zsolt"]
[Board "1870"]
[TimeControl "10/50"]
[WhiteElo "2315"]
[BlackElo "2253"]
[WhiteCountry "HUN"]
[BlackCountry "HUN"]
[Result "0-1"]

1.d4 Nf6 2.c4 g6 3.Nc3 d5 4.Nf3 Bg7 5.Qb3 dxc4 6.Qxc4 O-O 7.e4 a6
8.e5 b5 9.Qb3 Nfd7 10.h4 c5 11.e6 c4 12.Qd1 Nb6 13.exf7+ Rxf7
14.h5 Nc6 15.hxg6 hxg6 16.Be3 Bf5 17.Ng5 Nxd4 18.Nxf7 Kxf7
19.Bxd4 Qxd4 20.Qxd4 Bxd4 21.a3 Rd8 22.Be2 Kg7 23.O-O-O e5 24.g4 Be6
25.f3 Nd5 26.Rh2 Rf8 27.Nxd5 Bxd5 28.Rh3 Kf6 29.f4 Bg2 30.Rg3 Be4
31.fxe5+ Kxe5 32.Rh3 g5 33.Rf1 Bf2 34.Bf3 Be3+ 35.Kd1 Kd4 36.Be2 Bf4
37.Rf2 a5 38.Bf1 b4 39.Bg2 Bd3 40.a4 Rd8 0-1

[Event "I. Hungarian E-mail Final"]
[Site "E4EC"]
[Date "2003.12.14"]
[Round "1"]
[White "Darvasi, Ferenc"]
[Black "Száva, Miklós"]
[Board "1871"]
[TimeControl "10/50"]
[WhiteElo "2315"]
[BlackElo "1800"]
[WhiteCountry "HUN"]
[BlackCountry "HUN"]
[Result "1-0"]

1.d4 Nf6 2.c4 e6 3.Nc3 Bb4 4.Qc2 d5 5.cxd5 exd5 6.Bg5 O-O 7.e3 h6
8.Bh4 c6 9.Bd3 Nbd7 10.Nf3 Re8 11.O-O Bd6 12.Rfe1 Nf8 13.Bxf6 Qxf6
14.e4 Qf4 15.exd5 cxd5 16.Rxe8 1-0

[Event "I. Hungarian E-mail Final"]
[Site "E4EC"]
[Date "2003.12.14"]
[Round "1"]
[White "Darvasi, Ferenc"]
[Black "Farkas, Zsolt"]
[Board "1872"]
[TimeControl "10/50"]
[WhiteElo "2315"]
[BlackElo "2356"]
[WhiteCountry "HUN"]
[BlackCountry "HUN"]
[Result "1/2-1/2"]

1.d4 f5 2.g3 Nf6 3.Bg2 g6 4.Nf3 Bg7 5.O-O O-O 6.c4 d6 7.Nc3 Qe8
8.d5 Na6 9.Rb1 c6 10.dxc6 bxc6 11.b4 Bd7 12.b5 cxb5 13.cxb5 Nc5
14.a4 Rc8 15.Bb2 a6 16.Nd4 axb5 17.axb5 Nfe4 18.Nxe4 fxe4 19.Nb3 Bxb2
20.Nxc5 Rxc5 21.Rxb2 Bxb5 22.Bxe4 Bc6 23.Qd3 Bxe4 24.Qxe4 Qf7
25.Rb7 Re5 26.Qd3 Qe6 27.e3 1/2-1/2

[Event "I. Hungarian E-mail Final"]
[Site "E4EC"]
[Date "2003.12.14"]
[Round "1"]
[White "Darvasi, Ferenc"]
[Black "Laszlo, Imre"]
[Board "1873"]
[TimeControl "10/50"]
[WhiteElo "2315"]
[BlackElo "1800"]
[WhiteCountry "HUN"]
[BlackCountry "HUN"]
[Result "1-0"]

1.d4 Nf6 2.c4 e6 3.Nf3 b6 4.a3 Bb7 5.Nc3 d5 6.cxd5 Nxd5 7.Qc2 Nxc3
8.Qxc3 Nd7 9.Bg5 Be7 10.Bxe7 Kxe7 11.g3 Nf6 12.Bg2 Qd6 13.O-O Rhc8
14.b4 Kf8 15.Ne5 Bxg2 16.Kxg2 c5 17.dxc5 bxc5 18.Rac1 Qd5+ 19.f3 cxb4
20.Qxb4+ Kg8 21.Rxc8+ Rxc8 22.Rc1 Re8 23.Nc6 Qd7 24.Qd4 Qb7 25.Qc5 a6
26.Nb4 Nd5 27.Qc6 Qe7 28.Nxd5 exd5 29.Rc2 a5 30.Qb5 1-0

[Event "I. Hungarian E-mail Final"]
[Site "E4EC"]
[Date "2003.12.17"]
[Round "1"]
[White "Darvasi, Ferenc"]
[Black "Kerekes, Jozsef"]
[Board "1874"]
[TimeControl "10/50"]
[WhiteElo "2315"]
[BlackElo "2282"]
[WhiteCountry "HUN"]
[BlackCountry "YUG"]
[Result "1/2-1/2"]

1.d4 Nf6 2.c4 e6 3.Nf3 b6 4.g3 Ba6 5.b3 Bb4+ 6.Bd2 Be7 7.Bg2 c6
8.Bc3 Ne4 9.Bb2 d5 10.O-O Nd7 11.Nbd2 f5 12.Ne1 O-O 13.Rc1 Bd6
14.Nd3 Qe7 15.Re1 Rac8 16.Nf3 Rfd8 17.e3 Bb7 18.Nd2 c5 19.cxd5 exd5
20.dxc5 bxc5 21.Nf3 Nb6 22.Nh4 Qf7 23.Ne5 Qe6 24.f4 Nd7 25.Bh3 g6
26.Nxd7 Qxd7 27.Nf3 Qe6 28.Bg2 Bf8 29.Qc2 c4 30.Bd4 h6 31.Ne5 Ba6
32.Bxe4 fxe4 33.Qb2 Rc7 34.bxc4 dxc4 35.Qc3 Bg7 36.Rf1 Rf8
37.Rcd1 Rfc8 38.Rf2 Rf8 39.Rfd2 Rfc8 40.Rb1 Rd8 41.Qa5 Qc8 42.Rbd1 c3
43.Rc2 Rc5 44.Qa3 Bxe5 45.fxe5 Rc6 46.Qb3+ Bc4 47.Qxc3 Bd5 48.Bc5 Rd7
49.a4 Kh7 50.Rdc1 a6 51.Qb2 Rdc7 52.Qb4 Be6 53.Bf8 Rxc2 54.Rxc2 Bh3
55.Rxc7+ Qxc7 56.Qe7+ 1/2-1/2